 Dungeon Crawl Stone Soup version 0.32-a0-913-g739538afd8 (webtiles) character file.

Game seed: 1488469342640127215

9867 spaghetti the Bludgeoner (level 11, 0/120 HPs)
             Began as an Oni Chaos Knight on Apr 9, 2024.
             Was a Plaything of Xom.
             Slain by an elephant (16 damage)
             ... on level 1 of the Lair of Beasts.
             The game lasted 00:15:29 (9372 turns).

spaghetti the Bludgeoner (Oni Chaos Knight)         Turns: 9372, Time: 00:15:29

Health: 0/120      AC:  9    Str: 16    XL:     11   Next: 53%
Magic:  0/12       EV:  8    Int: 16    God:    Xom [..*...]
Gold:   1602       SH:  0    Dex: 25    Spells: 10/10 levels left

rFire   + + .        s - +0 morningstar (holy)
rCold   . . .        (no shield)
rNeg    . . .        w - +0 swamp dragon scales
rPois   +            (helmet restricted)
rElec   .            f - +0 cloak of the Devil's Team {Harm rC+}
rCorr   .            (gloves unavailable)
SInv    .            (boots unavailable)
Will    +....        o - amulet of guardian spirit
Stlth   +++          d - ring of fire
HPRegen 0.40/turn    q - +6 ring of dexterity
MPRegen 0.13/turn

%: harm (+30% outgoing, +20% incoming), guardian spirit
@: no status effects
A: large, unfitting armour, horns 1, tough skin 1, double potion healing,
drunken brawling, thin skeletal structure 2, agile 1, clever 1, fire resistance
1, high MP 1, inability to read after injury 1
a: Renounce Religion


You were on level 1 of the Lair of Beasts.
You worshipped Xom.
You were a toy of Xom.
You visited 2 branches of the dungeon, and saw 12 of its levels.
You also visited: Bailey.

You collected 1602 gold pieces.

Inventory:

Hand Weapons
 a - a +1 mace of chaos
 e - a +0 giant spiked club
 p - a +0 morningstar
 s - a +0 morningstar of holy wrath (weapon)
Armour
 b - a +2 robe
 f - the +0 cloak of the Devil's Team (worn) {Harm rC+}
   (You found it in a bailey)

   rC+:       It protects you from cold.
   Harm:      It increases damage dealt and taken.
 w - +0 swamp dragon scales (worn)
Jewellery
 d - a ring of fire (left hand)
 k - an amulet of faith
 o - an amulet of guardian spirit (around neck)
 q - a +6 ring of dexterity (right hand)
 r - a ring of wizardry
Wands
 c - a wand of iceblast (8)
 y - a wand of flame (4)
Scrolls
 h - a scroll of vulnerability
 j - 3 scrolls of identify
 m - 2 scrolls of torment
 n - a scroll of amnesia
 u - a scroll of enchant weapon
 x - a scroll of enchant armour
Potions
 g - a potion of brilliance
 i - a potion of cancellation
 l - 2 potions of curing
 t - 2 potions of attraction


   Skills:
 + Level 11.0 Fighting
 - Level 16.0 Maces & Flails
 - Level 2.1 Dodging


You had 10 spell levels left.
You didn't know any spells.
Your spell library contained the following spells:

 Spells                   Type           Power      Damage    Failure   Level
 Ensorcelled Hibernation  Hex/Ice        0%         N/A       58%         2
 Lesser Beckoning         Tloc           0%         N/A       58%         2
 Maxwell's Portable Pile  Tloc           0%         2d(5-13)  82%         3
 Passwall                 Erth           0%         N/A       82%         3
 Swiftness                Air            0%         N/A       82%         3
 Teleport Other           Tloc           0%         N/A       82%         3
 Volatile Blastmotes      Fire/Tloc      0%         2d10      82%         3
 Fulminant Prism          Conj/Alch      0%         3d5       99%         4
 Iskenderun's Mystic Bla Conj/Tloc 0%             2d3        (+2d1     99%         4
 Alistair's Intoxication  Alch           0%         N/A       100%        5
 Borgnjor's Vile Clutch   Necr/Erth      0%         N/A       100%        5
 Eringya's Noxious Bog    Alch           0%         4d6       100%        6


Dungeon Overview and Level Annotations

Branches:
Dungeon (11/15)            Temple (0/1) D:6            Lair (1/5) D:8
 Bailey (visited)
    Orc: D:9-12

Altars:
Dithmenos
Elyvilon
Qazlal
Trog
Uskayaw
Wu Jian
Xom
Yredelemnul

Shops:
D:10 [

Annotations:
D:10 Snorg


Innate Abilities, Weirdness & Mutations

You are too large for most types of armour.
You have a pair of small horns on your head.
You have tough skin. (AC +1)
You gain doubled healing and magic from potions.
Whenever you drink a healing potion, you attack all around you.
You have a moderately thin skeletal structure. (Dex +4, Stealth++)
You are agile. (Dex +4, Str/Int -1)
Your mind is acute. (Int +4, Str/Dex -1)
Your flesh is heat resistant. (rF+)
You have an increased reservoir of magic. (+10% MP)
You occasionally lose the ability to read scrolls when taking damage.


Message History

The elephant is heavily wounded.
Unknown command.
Unknown command.
You catch the helpless elephant completely off-guard!
You sock the elephant! You headbutt the elephant.
The elephant is almost dead.
The elephant tramples you!
* * * LOW HITPOINT WARNING * * *
You hold your ground!
The elephant trunk-slaps you but does no damage.
Unknown command.
You hit the elephant.
The elephant is almost dead.
The elephant seems less confused.
The elephant closely misses you. The elephant barely misses you.
Unknown command.
Aiming: Throw Flame
Press: ? - help, Shift-Dir - straight line, f - elephant, p - elephant
Aim: an elephant (heavily wounded, inner flame, 100% to hit)
The puff of flame hits the elephant but does no damage.
The elephant is heavily wounded.
The elephant tramples you.
* * * LOW HITPOINT WARNING * * *
You hold your ground!
The elephant trunk-slaps you but does no damage.
The elephant tramples itself.
The elephant barely misses itself.
Unknown command.
Unknown command.
Unknown command.
You hit the elephant but do no damage. Your headbutt misses the elephant.
The elephant is heavily wounded.
Unknown command.
Unknown command.
Unknown command.
You sock the elephant!
Flame seeps out of the elephant.
You headbutt the elephant, but do no damage.
The elephant is severely wounded.
The elephant tramples you!
You die...
Xom giggles madly!

#...†.l........... .>...
#......Y.......... .....
#..#.#####P#..##P# ...#
#..#### ##..P#### ..##
##..##.######......####..P###
#P.........°☼.~~~............
##.........Y☼~~~~~...........
#P...####.##☼Y§~~.#.#..#####.
##..## ####@Y...####<.# ##..#
#....## #..# #...#
#..##.###P..#
##..########...###†##..##
#.......................
#....................>..
#..........###.####P....
#.........P##.#..##......
#)....................##


You could see 3 elephants.

Vanquished Creatures
  Urug (D:10)
  7 centaur zombies (D:10)
  2 elephants (Lair:1)
  A gargoyle (Bailey)
  Maggie (D:8)
  A cane toad (Lair:1)
  A komodo dragon (Lair:1)
  2 unseen horror zombies (D:10)
  A troll (D:11)
  Prince Ribbit (D:8)
  A hornet (D:8)
  4 blink frogs (Lair:1)
  A vampire (Bailey)
  A wyvern (D:8)
  A steam dragon (D:6)
  An acid dragon (D:9)
  2 water moccasins
  An orc warrior (D:7)
  A black bear (D:4)
  A sky beast (D:6)
  2 ogres
  2 kobold brigands
  Blork the orc (D:5)
  5 bullfrogs
  4 scorpions
  4 wights (D:6)
  A killer bee (D:7)
  6 vampire bats (Bailey)
  8 wolf zombies (Bailey)
  A bombardier beetle (D:5)
  6 hounds
  An orc priest (D:6)
  A gnoll bouda (D:8)
  2 iguanas
  An orc wizard (D:7)
  A howler monkey zombie (D:10)
  3 gnolls (D:8)
  9 adders
  2 white imps (D:6)
  2 ufetubi (D:6)
  2 dart slugs
  2 ribbon worms (D:3)
  20 orcs
  7 ball pythons
  7 endoplasms
  2 giant cockroaches
  14 goblins
  9 hobgoblins
  9 jackals (D:2)
  2 quokkas
  7 bats
  3 frilled lizards
  11 kobolds
  18 orc zombies (Bailey)
  7 rats
214 creatures vanquished.

Vanquished Creatures (others)
  An orc (D:7)
1 creature vanquished.

Grand Total: 215 creatures vanquished

Notes
Turn   | Place    | Note
-------+----------+-------------------------------------------
     0 | D:1      | spaghetti the Oni Chaos Knight began the quest for the Orb.
     0 | D:1      | Reached XP level 1. HP: 24/24 MP: 1/1
    91 | D:1      | Reached XP level 2. HP: 27/32 MP: 2/2
   305 | D:1      | Found a faded altar of an unknown god.
   408 | D:1      | XOM: scenery: create altars
   843 | D:2      | Reached skill level 4 in Maces & Flails
   845 | D:2      | Reached XP level 3. HP: 33/39 MP: 3/3
  1155 | D:2      | Identified a scroll of acquirement
  1174 | D:2      | Found a bloodstained altar of Trog.
  1179 | D:2      | Reached XP level 4. HP: 48/48 MP: 4/4
  1521 | D:2      | Reached skill level 5 in Maces & Flails
  1945 | D:3      | XOM: enchant monster (bad)
  1955 | D:3      | XOM: 7-stop teleportation journey
  2260 | D:3      | Found an ornate altar of the Wu Jian Council.
  2568 | D:3      | XOM: summons 3 hostile demons
  2669 | D:3      | XOM: cloud trail
  2687 | D:3      | XOM: 6-stop teleportation journey
  2732 | D:3      | XOM: summons 2 hostile shadow creatures
  2782 | D:3      | XOM: god gift: 43 gold pieces
  2888 | D:3      | XOM: summons 2 hostile shadow creatures
  2993 | D:4      | Noticed a scorpion
  3004 | D:4      | Killed a scorpion
  3005 | D:4      | Reached skill level 6 in Maces & Flails
  3005 | D:4      | Reached XP level 5. HP: 16/54 MP: 5/5
  3153 | D:4      | XOM: give mutations
  3153 | D:4      | Gained mutation: You are resistant to electric shocks.
                  | (rElec) [Xom's grace]
  3153 | D:4      | Gained mutation: Your natural rate of healing is unusually
                  | fast. [Xom's grace]
  3174 | D:4      | Noticed an ogre
  3177 | D:4      | XOM: noise
  3181 | D:4      | XOM: butterfly on damage
  3182 | D:4      | Killed an ogre
  3183 | D:4      | Reached XP level 6. HP: 42/62 MP: 6/6
  3220 | D:4      | Found a hide-covered altar of Uskayaw.
  3351 | D:4      | Reached skill level 7 in Maces & Flails
  3440 | D:4      | Found a shadowy altar of Dithmenos.
  3498 | D:4      | Acquired 1079 gold pieces
  3528 | D:4      | Noticed a black bear
  3543 | D:4      | Killed a black bear
  3544 | D:4      | Reached XP level 7. HP: 61/70 MP: 7/7
  3696 | D:5      | Entered Level 5 of the Dungeon
  3848 | D:5      | XOM: confuse monster(s)
  3854 | D:5      | Reached skill level 8 in Maces & Flails
  3872 | D:5      | XOM: smoke on damage
  3954 | D:5      | Noticed Blork the orc
  3961 | D:5      | Killed Blork the orc
  4095 | D:5      | XOM: 4-stop teleportation journey
  4096 | D:5      | XOM: silly message
  4108 | D:5      | Reached skill level 9 in Maces & Flails
  4188 | D:5      | Identified the +1 leather armour of the Unicorn {*Corrode
                  | Regen+ MP+9}
  4423 | D:5      | Found a white marble altar of Elyvilon.
  4591 | D:6      | Noticed a steam dragon
  4596 | D:6      | XOM: enchant monster (bad)
  4603 | D:6      | Killed a steam dragon
  4604 | D:6      | Reached XP level 8. HP: 38/78 MP: 8/8
  4855 | D:6      | XOM: 2-stop teleportation journey
  4876 | D:6      | Found a staircase to the Ecumenical Temple.
  4959 | D:6      | Reached skill level 10 in Maces & Flails
  5604 | D:6      | Reached skill level 11 in Maces & Flails
  6019 | D:7      | XOM: summons 1 hostile demon
  6111 | D:7      | Reached XP level 9. HP: 74/79 MP: 7/9
  6473 | D:8      | Noticed Maggie
  6483 | D:8      | Killed Maggie
  6484 | D:8      | Reached skill level 12 in Maces & Flails
  6557 | D:8      | XOM: summons 4 hostile demons
  6558 | D:8      | Noticed a sixfirhy
  6646 | D:8      | Noticed a hornet
  6652 | D:8      | Killed a hornet
  6664 | D:8      | XOM: noise
  6673 | D:8      | XOM: scenery: 1 doors open
  6686 | D:8      | You fall into a shaft and drop 3 floors!
  6690 | D:11     | Noticed a two-headed ogre
  6693 | D:11     | XOM: butterfly on damage
  6694 | D:11     | XOM: cleaving
  6768 | D:11     | Noticed a troll
  6780 | D:11     | XOM: enchant monster (good)
  6791 | D:11     | XOM: divination: detect creatures
  6793 | D:11     | Killed a troll
  6801 | D:11     | Reached skill level 13 in Maces & Flails
  6864 | D:10     | Entered Level 10 of the Dungeon
  6920 | D:10     | Found a flagged portal.
  6920 | D:10     | Noticed Urug
  6934 | Bailey   | Entered a bailey
  7006 | Bailey   | Noticed a gargoyle
  7007 | Bailey   | XOM: divination: detect creatures
  7009 | Bailey   | XOM: confuse monster(s)
  7023 | Bailey   | Killed a gargoyle
  7105 | Bailey   | XOM: noise
  7111 | Bailey   | XOM: confusion (+ monsters)
  7132 | Bailey   | HP: 4/84 [something (6)]
  7134 | Bailey   | HP: 1/84 [something (6)]
  7253 | Bailey   | Identified the +0 cloak of the Devil's Team {Harm rC+}
  7261 | Bailey   | Identified the +5 scale mail of Pride {Int+4}
  7357 | Bailey   | XOM: enchant monster (bad)
  7404 | Bailey   | Reached XP level 10. HP: 49/92 MP: 4/10
  7465 | Bailey   | Reached skill level 14 in Maces & Flails
  7573 | Bailey   | Lost mutation: Your natural rate of healing is unusually
                  | fast. [potion of mutation]
  7573 | Bailey   | Lost mutation: You are resistant to electric shocks.
                  | (rElec) [potion of mutation]
  7573 | Bailey   | Gained mutation: You have a somewhat thin skeletal
                  | structure. (Dex +2, Stealth+) [potion of mutation]
  7573 | Bailey   | Gained mutation: Your mind is acute. (Int +4, Str/Dex -1)
                  | [potion of mutation]
  7606 | D:10     | Killed Urug
  7639 | D:10     | XOM: give mutation
  7639 | D:10     | Gained mutation: You occasionally lose the ability to read
                  | scrolls when taking damage. [Xom's mischief]
  7799 | D:10     | XOM: confuse monster(s)
  7814 | D:10     | Reached skill level 15 in Maces & Flails
  7962 | D:10     | Reached skill level 16 in Maces & Flails
  8053 | D:10     | Found a basalt altar of Yredelemnul.
  8068 | D:10     | Reached skill level 5 in Fighting
  8068 | D:10     | Reached XP level 11. HP: 101/105 MP: 8/11
  8166 | D:10     | Found Fykkejac's Antique Armour Shop.
  8191 | D:10     | Noticed Snorg
  8192 | D:10     | XOM: summons friendly iron imp
  8427 | D:8      | XOM: 8-stop teleportation journey
  8530 | D:8      | Noticed Prince Ribbit
  8535 | D:8      | Found a staircase to the Lair.
  8544 | D:8      | XOM: potion effect (heal wounds)
  8548 | D:8      | Killed Prince Ribbit
  8675 | D:8      | Found a stormy altar of Qazlal.
  8830 | D:8      | XOM: give mutation
  8830 | D:8      | Gained mutation: You have a moderately thin skeletal
                  | structure. (Dex +4, Stealth++) [Xom's grace]
  9125 | D:8      | XOM: give mutations
  9125 | D:8      | Gained mutation: Your flesh is heat resistant. (rF+) [Xom's
                  | grace]
  9125 | D:8      | Gained mutation: You are agile. (Dex +4, Str/Int -1) [Xom's
                  | grace]
  9125 | D:8      | Gained mutation: You have an increased reservoir of magic.
                  | (+10% MP) [Xom's grace]
  9156 | Lair:1   | Entered Level 1 of the Lair of Beasts
  9217 | Lair:1   | XOM: confuse monster(s)
  9220 | Lair:1   | XOM: confuse monster(s)
  9235 | Lair:1   | XOM: enchant monster (good)
  9323 | Lair:1   | XOM: noise
  9329 | Lair:1   | XOM: summons friendly white imp
  9355 | Lair:1   | XOM: summons friendly white imp
  9363 | Lair:1   | XOM: confuse monster(s)
  9372 | Lair:1   | Slain by an elephant

Illustrated notes

Levels and vault maps discovered:
D:1:      co_arrival_square_in_a_square_in_a_square, layout_loops_cross,
          basic_ecumenical_altar, palyth_stone_intersect,
          ebering_dispersal_statue_hall, minmay_misc_feat_enclosed,
          minmay_gold_behind_fungi, bh_walls_and_bars
D:2:      layout_basic, basic_altar, kennysheep_generic_room_11
D:3:      layout_basic, lemuel_round_altar
D:4:      layout_gridville, nicolae_uskayaw_dance_hall,
          nicolae_overflow_crystal_walls
D:5:      layout_gridville, nicolae_elyvilon_temple_path, uniq_blork_the_orc
D:6:      layout_layer_cave, minmay_temple_entry_antechambers, hex_medium
D:7:      layout_gridville, nicolae_ru_great_annihilating_truth,
          lemuel_flamethrower_2
D:8:      layout_loops_corners, kennysheep_mini_moat, lair_entry_dummy,
          uniq_prince_ribbit1, uniq_maggie
D:9:      layout_rooms, nicolae_kikubaaqudgha_miasma_corner, minmay_orc_keep
D:10:     hellmonk_paralyzer, layout_rooms, nicolae_yredelemnul_corpse_copse,
          vehumet_crystals, serial_shops, nicolae_shop_behind_doors,
          enter_bailey_5, uniq_urug, uniq_snorg
D:11:     layout_long_grid, serial_shops, shop, pond
Lair:1:   layout_long_grid, gammafunk_ghost_arena, ldierk_geyser,
          lemuel_fruit_tree, uniq_nergalle, uniq_gastronok

Skill      XL: |  1  2  3  4  5  6  7  8  9 10 11 |
---------------+----------------------------------+-----
Maces & Flails | 4 6 7 9 11 13 16 | 16.0
Fighting       | 5 11 | 11.0
Dodging        | |  2.1

Action                     |  1- 3 |  4- 6 |  7- 9 | 10-12 || total
---------------------------+-------+-------+-------+-------++-------
  Melee: Mace              |    91 |   178 |    65 |       ||   334
         Headbutt          |     7 |    26 |    62 |    51 ||   146
         Morningstar       |       |       |   227 |   186 ||   413
  Evoke: Wand              |       |       |    16 |     9 ||    25
    Use: Potion            |     8 |     3 |     5 |     2 ||    18
         Scroll            |     4 |     6 |     5 |     5 ||    20
   Stab: Invisible         |     1 |     1 |     2 |       ||     4
         Petrified         |       |     3 |       |       ||     3
         Confused          |       |     1 |       |     3 ||     4
         Paralysed         |       |       |     1 |       ||     1
         Sleeping          |       |       |       |     3 ||     3
 Armour: Robe              |    65 |   162 |   168 |       ||   395
         Swamp dragon scal |       |       |   148 |   184 ||   332
  Dodge: Dodged            |    38 |   106 |   171 |    61 ||   376

Table legend: (Time is in decaauts)
 A = Elapsed time spent in this place.
 B = Non-inter-level travel time spent in this place.
 C = Inter-level travel time spent in this place.
 D = Time resting spent in this place.
 E = Time spent auto-exploring this place.
 F = Levels seen in this place.
 G = Mean time per level.
                   A        B        C        D        E       F      G
               +--------+--------+--------+--------+--------+-----+--------+
         Total |   9301 |   8971 |    330 |    702 |   6490 |  13 |  715.5 |
       Dungeon |   8477 |   8148 |    329 |    514 |   6238 |  11 |  770.6 |
          Lair |    202 |    202 |      0 |     13 |     92 |   1 |  202.0 |
        Bailey |    622 |    622 |      0 |    174 |    160 |   1 |  622.0 |
               +--------+--------+--------+--------+--------+-----+--------+

Top non-repeatable levels by time:
     D:6: 1471 daAuts
     D:3: 1188 daAuts
     D:8: 1164 daAuts
     D:2: 997 daAuts
     D:5: 795 daAuts
     D:4: 789 daAuts
     D:1: 745 daAuts
    D:10: 654 daAuts
  Bailey: 622 daAuts
     D:7: 345 daAuts
  Lair:1: 202 daAuts
    D:11: 173 daAuts
     D:9: 151 daAuts
